 Dungeon Crawl Stone Soup version 0.17.1-3-g152610e (webtiles) character file.

12322 Heskey the Fighter (level 11, -7/96 HPs)
             Began as a Demonspawn Gladiator on Apr 5, 2016.
             Was a High Priest of Trog.
             Shot with a poisoned arrow by Nessos (13 damage)
             ... on level 12 of the Dungeon.
             The game lasted 00:28:03 (12629 turns).

Heskey the Fighter (Demonspawn Gladiator)          Turns: 12629, Time: 00:28:04

Health: -7/96      AC: 31    Str: 18    XL:     11   Next: 60%
Magic:  11/11      EV:  7    Int: 13    God:    Trog [*****.]
Gold:   686        SH:  0    Dex: 14    Spells: 0 memorised, 10 levels left

rFire  . . .     SeeInvis +     a - +2 trident
rCold  . . .     Clarity  .     w - +15 plate armour of Pujic {Int+3}
rNeg   + . .     SustAt   .     (no shield)
rPois  +         Gourm    .     (helmet restricted)
rElec  .         Spirit   .     c - +0 cloak
rCorr  .         Warding  +     (no gloves)
rMut   .         Stasis   .     (boots unavailable)
MR     .....                    o - amulet of warding
Stlth  ..........               (no ring)
                                r - ring of see invisible

@: lethally poisoned (-7 -> -7), not resistant to hostile enchantments,
extremely unstealthy
A: hooves 3, horns 1, molten scales 1, blurry vision 1, demonic guardian 1,
poison resistance, powered by death 1
a: Berserk, Trog's Hand, Brothers in Arms, Burn Spellbooks, Renounce Religion


You were on level 12 of the Dungeon.
You worshipped Trog.
Trog was extremely pleased with you.
You were very hungry.

You visited 1 branch of the dungeon, and saw 12 of its levels.

You collected 686 gold pieces.

Inventory:

Hand Weapons
 a - a +2 trident (weapon)
Missiles
 d - 3 throwing nets (quivered)
Armour
 b - a +1 helmet
 c - a +0 cloak (worn)
 f - a +0 pair of boots
 w - the +15 plate armour of Pujic (worn) {Int+3}
   (You found it on level 9 of the Dungeon)

   It affects your intelligence (+3).
Jewellery
 o - an amulet of warding (around neck)
 r - a ring of see invisible (left hand)
 F - an uncursed amulet of stasis {unknown}
Wands
 g - a wand of enslavement (6)
 h - a wand of fire (2)
 x - a wand of enslavement (12)
Scrolls
 m - 5 scrolls of remove curse
 p - a scroll of recharging
 t - 4 scrolls of identify
 y - 3 scrolls of teleportation
 B - a scroll of enchant armour
 C - a scroll of brand weapon {unknown}
 E - a scroll of holy word {unknown}
Potions
 l - 4 potions of curing
 q - 2 potions of magic
 s - a potion of brilliance
 u - 2 potions of degeneration {unknown}
 v - a potion of haste
 A - a potion of berserk rage {unknown}
Comestibles
 i - 6 meat rations
 n - 10 fruits
 z - a slice of pizza
 D - a royal jelly


   Skills:
 + Level 12.6 Fighting
 + Level 9.3 Polearms
 - Level 1.7 Throwing
 + Level 9.0 Armour
 - Level 2.6 Dodging


You had 10 spell levels left.
You didn't know any spells.

Dungeon Overview and Level Annotations

Branches:
Dungeon (12/15)            Temple (0/1) D:7            Lair (0/8) D:9
    Orc (0/4) D:9

Altars:
Ashenzari
Gozag
Kikubaaqudgha
Makhleb
Nemelex Xobeh
Trog
Zin
The Shining One

Shops:
D:4 =   D:6 !

Annotations:
D:12 Nessos


Innate Abilities, Weirdness & Mutations

You have hooves in place of feet.
You are partially covered in molten scales (AC +1).
A weak demonic guardian rushes to your aid.
You regenerate a little health from kills.
You have a pair of small horns on your head.
Scrolls take you a little longer to read.
Your system is resistant to poisons.


Message History

Nessos shoots a poisoned arrow.
The poisoned arrow completely misses your iron imp.
The poisoned arrow hits you but does no damage.
Attack whom?
Press: ? - help, Dir - move target cursor, f/p - Nessos
Aim: Nessos, wielding a longbow of flaming and wearing a centaur barding (lightly wounded, fast)
You could not reach far enough!
Nessos shoots a poisoned arrow.
The poisoned arrow hits your iron imp!
Unknown command.
Attack whom?
Press: ? - help, Dir - move target cursor, f/p - Nessos
Aim: Nessos, wielding a longbow of flaming and wearing a centaur barding (lightly wounded, fast)
You could not reach far enough!
Nessos blinks!
Unknown command.
You feel sick.
Nessos shoots a poisoned arrow.
The poisoned arrow hits you! The poisoned arrow burns you.
Nessos shoots a poisoned arrow.
The poisoned arrow hits you!!
* * * LOW HITPOINT WARNING * * *
The poisoned arrow burns you!
You die...

#...# #...# #.# #...#
#.# #...# #.# #...# #.#
#...# #.# #c5ยง# #.#
####..@##############.#
........(..............#
....(...(((.(((.........
#################.......
#.###### #.# #.# #.# #.#


You could see Nessos and a friendly iron imp.

Vanquished Creatures
  Maud (D:10)
  Snorg (D:11)
  The ghost of nublet the Black Sun, a journeyman CeNe of Kikubaaqudgha (D:11)
  Erica (D:10)
  Nergalle (D:11)
  A hill giant (D:11)
  An ugly thing (D:11)
  A centaur zombie (D:6)
  A deep elf mage (D:11)
  3 hippogriffs
  A wraith (D:11)
  A wyvern (D:9)
  A hungry ghost (D:11)
  Edmund (D:6)
  2 ice beasts
  A necrophage (D:10)
  8 orc warriors
  A phantom (D:10)
  2 slaves (D:4)
  3 black bears
  5 ogres
  3 centaurs
  A big kobold (D:12)
  6 giant frogs
  An elf skeleton (D:7)
  3 scorpions
  A water moccasin zombie (D:9)
  A troll zombie (D:7)
  11 killer bees
  3 wights (D:7)
  3 hounds
  2 crimson imps
  3 jellies
  2 human zombies (D:7)
  7 orc priests
  2 centaur skeletons (D:8)
  A giant frog zombie (D:10)
  Crazy Yiuf (D:5)
  Jessica (D:3)
  8 orc wizards
  Natasha (thrice) (D:4)
  5 iguanas
  8 worker ants
  A killer bee zombie (D:9)
  A hound zombie (D:7)
  3 ogre skeletons (D:7)
  A hound skeleton (D:8)
  A mummy (D:7)
  Robin (D:4)
  17 adders
  2 oozes
  3 adder zombies
  An adder skeleton (D:5)
  9 giant geckos
  62 orcs
  3 giant cockroaches
  12 hobgoblins
  12 jackals
  16 kobolds
  5 quokkas
  5 bats
  3 giant newts
  10 goblins
  A jackal skeleton (D:8)
  A jackal zombie (D:7)
  3 quokka skeletons
  A quokka zombie (D:5)
  10 rats
298 creatures vanquished.

Vanquished Creatures (collateral kills)
  Erolcha (D:8)
  Grinder (D:5)
  Sigmund (D:3)
  A hippogriff (D:8)
  Menkaure (D:6)
  An orc warrior (D:7)
  An eye of draining (D:8)
  A centaur (D:5)
  2 ogres (D:8)
  A necrophage (D:7)
  A giant frog (D:7)
  2 crimson imps
  2 orc priests (D:9)
  An orc wizard (D:8)
  A worker ant (D:4)
  An adder zombie (D:8)
  5 orcs
  3 hobgoblins (D:3)
  3 jackals (D:5)
  2 goblins (D:3)
32 creatures vanquished.

Grand Total: 330 creatures vanquished

Notes
Turn   | Place    | Note
--------------------------------------------------------------
     0 | D:1      | Heskey the Demonspawn Gladiator began the quest for the Orb.
     0 | D:1      | Reached XP level 1. HP: 16/16 MP: 1/1
   139 | D:1      | Gained mutation: A weak demonic guardian rushes to your aid. [demonic ancestry]
   139 | D:1      | Reached XP level 2. HP: 16/23 MP: 2/2
   513 | D:1      | Reached skill level 3 in Fighting
   513 | D:1      | Reached XP level 3. HP: 15/29 MP: 3/3
   536 | D:1      | Reached skill level 1 in Armour
  1446 | D:2      | Reached XP level 4. HP: 9/35 MP: 4/4
  2187 | D:3      | Noticed Sigmund
  2195 | D:3      | Killed Sigmund
  2195 | D:3      | Reached skill level 4 in Fighting
  2195 | D:3      | Gained mutation: You have large cloven feet. [demonic ancestry]
  2195 | D:3      | Reached XP level 5. HP: 42/42 MP: 5/5
  2621 | D:3      | Noticed Jessica
  2636 | D:3      | Killed Jessica
  2747 | D:3      | Found a sparkling altar of Nemelex Xobeh.
  2747 | D:3      | Found an opulent altar of Gozag.
  2748 | D:3      | Found a bloodstained altar of Trog.
  2944 | D:3      | Became a worshipper of Trog the Wrathful
  3017 | D:4      | Noticed Natasha
  3023 | D:4      | Gained mutation: You have hoof-like feet. [demonic ancestry]
  3023 | D:4      | Reached XP level 6. HP: 25/50 MP: 6/6
  3034 | D:4      | Killed Natasha
  3034 | D:4      | Reached skill level 5 in Fighting
  3198 | D:4      | Noticed Natasha
  3201 | D:4      | Killed Natasha
  3214 | D:4      | Noticed Natasha
  3219 | D:4      | Killed Natasha
  3235 | D:4      | Noticed Robin
  3265 | D:4      | Killed Robin
  3307 | D:4      | Found Hyhecr Puesch's Jewellery Emporium.
  3320 | D:4      | Noticed a slave
  3322 | D:4      | Noticed a slave
  3332 | D:4      | Killed a slave
  3335 | D:4      | Killed a slave
  3866 | D:5      | Entered Level 5 of the Dungeon
  3869 | D:5      | Reached * piety under Trog
  4194 | D:5      | Reached XP level 7. HP: 44/57 MP: 7/7
  4234 | D:5      | Found a glowing golden altar of the Shining One.
  4278 | D:5      | Reached skill level 6 in Fighting
  4464 | D:5      | Noticed Grinder
  4478 | D:5      | Killed Grinder
  4852 | D:5      | Got a polished mace
  4862 | D:5      | Noticed Crazy Yiuf
  4870 | D:5      | Killed Crazy Yiuf
  5267 | D:6      | Gained mutation: You have a pair of small horns on your head. [potion of mutation]
  5267 | D:6      | Gained mutation: Your system is resistant to poisons. [potion of mutation]
  5267 | D:6      | Gained mutation: Scrolls take you a little longer to read. [potion of mutation]
  5386 | D:6      | Noticed Menkaure
  5391 | D:6      | Killed Menkaure
  5444 | D:6      | Found a glowing golden altar of the Shining One.
  5503 | D:6      | Reached ** piety under Trog
  5633 | D:6      | Found Budeoxt's Distillery.
  5664 | D:6      | Reached skill level 7 in Fighting
  5664 | D:6      | Gained mutation: You have hooves in place of feet. [demonic ancestry]
  5664 | D:6      | Reached XP level 8. HP: 65/67 MP: 8/8
  5704 | D:6      | Noticed a centaur zombie
  5713 | D:6      | Killed a centaur zombie
  5713 | D:6      | Reached skill level 5 in Polearms
  5739 | D:6      | Noticed Edmund
  5763 | D:6      | Killed Edmund
  5763 | D:6      | Reached skill level 8 in Fighting
  5797 | D:6      | Found a glowing silver altar of Zin.
  5830 | D:6      | Found a shattered altar of Ashenzari.
  6029 | D:6      | Reached skill level 5 in Armour
  6534 | D:7      | Reached XP level 9. HP: 18/75 MP: 9/9
  7103 | D:7      | Found a staircase to the Ecumenical Temple.
  7201 | D:7      | Reached skill level 9 in Fighting
  7772 | D:7      | Found an ancient bone altar of Kikubaaqudgha.
  8011 | D:8      | Reached skill level 10 in Fighting
  8013 | D:8      | Reached *** piety under Trog
  8120 | D:8      | Noticed Erolcha
  8129 | D:8      | Killed Erolcha
  8330 | D:8      | Gained mutation: You regenerate a little health from kills. [demonic ancestry]
  8330 | D:8      | Reached XP level 10. HP: 55/86 MP: 1/10
  9814 | D:9      | Reached skill level 11 in Fighting
  9858 | D:9      | Reached **** piety under Trog
  9911 | D:9      | Found a staircase to the Orcish Mines.
 10121 | D:9      | Found a staircase to the Lair.
 10181 | D:9      | Found a burning altar of Makhleb.
 10439 | D:9      | Got a pitted plate armour
 10450 | D:9      | Identified the +15 plate armour of Pujic {Int+3} (You found it on level 9 of the Dungeon)
 10668 | D:10     | Entered Level 10 of the Dungeon
 10766 | D:10     | Noticed Maud
 10841 | D:10     | Killed Maud
 11159 | D:10     | Noticed Erica
 11175 | D:10     | Killed Erica
 11328 | D:10     | Gained mutation: You are partially covered in molten scales (AC +1). [demonic ancestry]
 11328 | D:10     | Reached XP level 11. HP: 89/95 MP: 11/11
 11816 | D:11     | Reached skill level 12 in Fighting
 11866 | D:11     | Noticed Snorg
 11884 | D:11     | Killed Snorg
 11901 | D:11     | Reached ***** piety under Trog
 12023 | D:11     | Noticed a hill giant
 12032 | D:11     | Killed a hill giant
 12039 | D:11     | Noticed nublet's ghost (journeyman CeNe)
 12046 | D:11     | Noticed Nergalle
 12098 | D:11     | Killed nublet's ghost
 12112 | D:11     | Noticed a spectral orc warlord
 12113 | D:11     | Killed Nergalle
 12608 | D:12     | Noticed Nessos
 12629 | D:12     | Shot with a poisoned arrow by Nessos

Action                   |  1- 3 |  4- 6 |  7- 9 | 10-12 || total
-------------------------+-------+-------+-------+-------++-------
Melee: Trident           |   193 |   274 |   436 |   604 ||  1507
Invok: Berserk           |       |       |       |     4 ||     4
Evoke: Wand              |       |       |       |     2 ||     2
  Use: Potion            |       |     1 |    12 |     2 ||    15
       Scroll            |       |     7 |     5 |     2 ||    14
 Stab: Distracted        |       |     1 |       |     3 ||     4
       Invisible         |       |       |       |    10 ||    10
  Eat: Chunk             |     2 |     9 |    10 |     7 ||    28
       Bread ration      |       |       |     1 |     3 ||     4
       Beef jerky        |       |       |       |     2 ||     2
